cohdb
Replays
Latest Replays
All Replays
Popular Replays
Top Player Replays
Match Explorer
How It Works
Community
CoH3 Stats
Reddit
Sign in to upload your games and track your stats! →
Sign in with Steam
Match 45250517
Unlisted
Match 45250517
Overview
Messages
Build Orders
End
Construct Weapon Support Center
M1919 Machine Gun Team
Bazooka Squad
M1919 Machine Gun Team
Construct Barracks
M1 Mortar Team
Construct Medical Station
Infantry Support Center
Riflemen Squad
M3 Armored Personnel Carrier
Riflemen Squad
Construct Motor Pool
Jeep
Lord Curzon
kakaot
FrustrateHead แฟนคลับลุงพล
Earthdog
.
Ming Empire
0
0
Comments
sign in to comment!
No comments posted yet!